 Dungeon Crawl Stone Soup version 0.28.0-1-gb440e238dd (webtiles) character file.

Game seed: 419974180101199339

126 spaghetti the Skirmisher (level 4, -6/39 HPs)
             Began as a Demonspawn Delver on Feb 20, 2022.
             Mangled by an ogre (28 damage)
             ... on level 6 of the Dungeon.
             The game lasted 00:01:45 (597 turns).

spaghetti the Skirmisher (Demonspawn Delver)         Turns: 597, Time: 00:01:45

Health: -6/39      AC:  3    Str: 14    XL:     4   Next: 83%
Magic:  4/4        EV: 15    Int: 13    God:
Gold:   0          SH:  0    Dex: 15    Spells: 3/3 levels left

rFire   . . .      SeeInvis .   a - +0 mace
rCold   . . .      Faith    .   (no shield)
rNeg    . . .      Spirit   .   b - +0 leather armour
rPois   .          Reflect  .   (helmet restricted)
rElec   .          Harm     .   (no cloak)
rCorr   .          Rampage  .   (no gloves)
Will    .....                   (no boots)
Stlth   +++.......              (no amulet)
HPRegen 0.13/turn               i - +4 ring of evasion
MPRegen 0.09/turn               (no ring)

@: no status effects
A: horns 1, big brain 1
a: no special abilities


You were on level 6 of the Dungeon.
You visited 1 branch of the dungeon, and saw 4 of its levels.

Inventory:

Hand Weapons
 a - a +0 mace (weapon)
Armour
 b - a +0 leather armour (worn)
 h - a +0 helmet
Jewellery
 f - a ring of fire
 i - a +4 ring of evasion (left hand)
Wands
 g - a wand of digging (3)
 j - a wand of paralysis (7)
Scrolls
 c - a scroll of fog
 d - a scroll of magic mapping
 e - a scroll of fear


   Skills:
 + Level 5.6 Fighting
 - Level 1.7 Maces & Flails
 - Level 1.7 Dodging
 - Level 4.5 Stealth


You had 3 spell levels left.
You didn't know any spells.
Your spell library was empty.

Dungeon Overview and Level Annotations

Branches:
Dungeon (8/15)
 Temple: D:4-7         Lair: D:8-11

Altars:
Elyvilon

Shops:
D:7 !

Annotations:
D:5 3 runed translucent doors, arthad's ghost, novice OpWn


Innate Abilities, Weirdness & Mutations

You have a pair of small horns on your head.
You have an unusually large brain. (Int +2)


Message History

You hit the bullfrog skeleton but do no damage.
You headbutt the bullfrog skeleton.
The bullfrog skeleton is heavily damaged.
The bullfrog skeleton misses you. The howler monkey misses you.
The bullfrog skeleton barely misses you.
You hit the bullfrog skeleton. You headbutt the bullfrog skeleton.
The bullfrog skeleton is almost destroyed.
The howler monkey misses you. The bullfrog skeleton misses you.
The howler monkey hits you.
The bullfrog skeleton closely misses you.
You hit the bullfrog skeleton.
You destroy the bullfrog skeleton!
The howler monkey closely misses you.
The howler monkey hoots and howls with incredible vigour!
Your Fighting skill increases to level 5!
You have reached level 4!
You feel agile. The howler monkey misses you.
The howler monkey hoots and howls with incredible vigour!
You hit the howler monkey.
You headbutt the howler monkey, but do no damage.
The howler monkey is lightly wounded.
The howler monkey closely misses you.
You hit the howler monkey.
The howler monkey is moderately wounded.
The howler monkey hits you. The howler monkey closely misses you.
You hit the howler monkey.
The howler monkey is moderately wounded.
The howler monkey closely misses you. The howler monkey hits you.
You hit the howler monkey but do no damage.
You headbutt the howler monkey.
The howler monkey is heavily wounded.
The howler monkey hits you.
You sock the howler monkey!
You kill the howler monkey!
You hit the ogre.
The ogre is lightly wounded.
The ogre hits you with a +0 giant club!!
Ouch! That really hurt!
You die...

#O..##.#.#.######
##.##......O....#
#.# #.#.#..###.#
##)## #####.# #.#
.###...###...#O#
#.#
8....._.....8O..#
#.#
..###...###...###
#.#
##.############.#
##
#.#@OZ......##O#
..
#.#######.#.##h#
... #.#.##.# .8
#O..##O####
#Z####....# #.#
####.# #.# #.#
#.# #.# ####.#
#.#


You could see an ogre and a centaur zombie.

Vanquished Creatures
  A howler monkey (D:6)
  2 bullfrog skeletons
  A centaur skeleton (D:6)
  An orc (D:6)
5 creatures vanquished.

Notes
Turn   | Place    | Note
-------+----------+-------------------------------------------
     0 | D:5      | spaghetti the Demonspawn Delver began the quest for the
                  | Orb.
     0 | D:5      | Reached XP level 1. HP: 18/18 MP: 1/1
     0 | D:5      | Noticed a kobold brigand
     3 | D:6      | Noticed an orc wizard
     3 | D:6      | Noticed an orc priest
    10 | D:5      | Found a runed translucent gate.
    11 | D:5      | Noticed a scorpion
    11 | D:5      | Noticed a jelly
    15 | D:5      | Noticed arthad's ghost (novice OpWn)
    34 | D:5      | Reached skill level 4 in Fighting
    34 | D:5      | Gained mutation: You have an unusually large brain. (Int
                  | +2) [demonic ancestry]
    34 | D:5      | Reached XP level 2. HP: 8/25 MP: 2/2
    34 | D:5      | Gained mutation: You have a pair of small horns on your
                  | head. [demonic ancestry]
    34 | D:5      | Reached XP level 3. HP: 10/30 MP: 3/3
    48 | D:5      | You fall into a shaft and drop 2 floors!
    59 | D:7      | Found Bacus's Distillery.
   499 | D:6      | Noticed an ogre
   582 | D:6      | Reached skill level 5 in Fighting
   582 | D:6      | Reached XP level 4. HP: 30/39 MP: 4/4
   597 | D:6      | Mangled by an ogre

Illustrated notes

Levels and vault maps discovered:
D:5:      kennysheep_steamy, layout_basic, pdpol_wu_jian_five_deadly_venoms,
          nemelex_diamond_rough_becter, nicolae_ossuary_entry_false_entrances,
          gammafunk_ghost_split, chequers_jeans
D:6:      layout_loops_ring, elyvilon_altar_1,
          beargit_hepliaklqana_dungeon_heroes, temple_fountains
D:7:      layout_cave_pools, gammafunk_ghost_gnarly_gnolls, serial_shops, shop,
          kennysheep_generic_room_15, uniq_prince_ribbit1
D:8:      layout_gridville, nicolae_overflow_hidden_temple,
          nicolae_ru_sacrificial_ziggurat, uniq_grum

Skill      XL: |  1  2  3 |
---------------+----------+-----
Fighting       | 4 5 |  5.6
Maces & Flails | |  1.7
Dodging        | |  1.7
Stealth        | |  4.5

Action                   |  1- 3 |  4- 6 || total
-------------------------+-------+-------++-------
Melee: Mace              |    28 |     6 ||    34
       Headbutt          |     5 |     2 ||     7
       Punch             |     2 |       ||     2
  Use: Potion            |     2 |       ||     2
       Scroll            |     1 |       ||     1
Armor: Leather armour    |    15 |       ||    15
Dodge: Dodged            |    42 |     4 ||    46
